 Dungeon Crawl Stone Soup version 0.17-a0-1450-g7e755d1 (webtiles) character file.

122 Sirial the Magician (level 4, -1/45 HPs)
             Began as a Demonspawn Wanderer on June 30, 2015.
             Was a Follower of Fedhas.
             Slain by a worm (7 damage)
             ... on level 4 of the Dungeon.
             The game lasted 00:17:06 (2716 turns).

Sirial the Magician (Demonspawn Wanderer)           Turns: 2716, Time: 00:17:06

Health: -1/45      AC: 22    Str: 12    XL:     4   Next: 78%
Magic:  9/10       EV:  2    Int: 16    God:    Fedhas [*.....]
Gold:   137        SH:  0    Dex: 10    Spells: 1 memorised, 11 levels left

rFire  . . .     SeeInvis .     b - +0 dagger (flame)
rCold  . . .     Clarity  .     (armour currently unavailable)
rNeg   + + +     SustAt   .     (no shield)
rPois  +         Gourm    .     (helmet currently unavailable)
rElec  .         Spirit   .     (cloak currently unavailable)
rCorr  .         Warding  .     (gloves currently unavailable)
rMut   .         NoTele   +     (boots currently unavailable)
MR     .....                    (no amulet)
Stlth  ++........               (no ring)
                                j - ring of positive energy

@: tree-form, not resistant to hostile enchantments, unstealthy
A: rough black scales 1, demonic guardian 1
a: Evolution, Renounce Religion


You were on level 4 of the Dungeon.
You worshipped Fedhas.
Fedhas was aware of your devotion.
You were not hungry.
You were a tree.
You visited 1 branch of the dungeon, and saw 4 of its levels.

You collected 137 gold pieces.

Inventory:

Hand weapons
 b - a +0 dagger of flaming (weapon)
 e - a +0 club
Missiles
 h - 22 arrows
 i - 5 tomahawks of returning (quivered)
 k - 21 bolts
Armour
 d - a +0 robe (melded)
Jewellery
 j - a ring of positive energy (left branch)
Magical devices
 g - a wand of frost (18)
 l - a wand of slowing (0)
 r - a wand of random effects (16)
Scrolls
 m - a scroll of recharging
 p - a scroll of remove curse
Books
 a - a book of Conjurations

   Spells                             Type                      Level
   a - Magic Dart                     Conjuration                  1
   b - Searing Ray                    Conjuration                  2
   c - Dazzling Spray                 Conjuration/Hexes            3
   d - Fulminant Prism                Conjuration/Hexes            4
   e - Iskenderun's Mystic Blast      Conjuration                  4
   f - Iskenderun's Battlesphere      Conjuration/Charms           5
Comestibles
 f - a bread ration
 q - a meat ration


   Skills:
 + Level 0.1 Maces & Flails
 + Level 1.0 Throwing
 + Level 0.6 Dodging
 + Level 1.1 Stealth
 + Level 4.5 Spellcasting
 + Level 3.1 Conjurations
   Level 1.0 Fire Magic
   Level 1.7 Earth Magic


You had 11 spell levels left.
You knew the following spells:

 Your Spells              Type           Power        Failure   Level  Hunger
a - Magic Dart            Conj           ##..         6%          1    None


Dungeon Overview and Level Annotations

Branches:
Dungeon (4/15)
 Temple: D:4-7

Altars:
Fedhas
Okawaru
Sif Muna
Trog
Yredelemnul


Innate Abilities, Weirdness & Mutations

(You are partially covered in rough black scales (AC +4, Dex -1).)
A weak demonic guardian rushes to your aid.


Message History

The worm bites you!
* * * LOW HITPOINT WARNING * * *
You hit the worm but do no damage.
The worm is severely wounded.
Drink which item? (? for menu, Esc to quit)
You turn into a tree.
Your +0 robe melds into your body.
Your roots penetrate the ground.
The worm bites you but does no damage. The worm bites you.
* * * LOW HITPOINT WARNING * * *
The worm bites you.
* * * LOW HITPOINT WARNING * * *
The worm bites you but does no damage. The worm bites you but does no damage.
The worm bites you but does no damage. The worm bites you but does no damage.
The worm bites you but does no damage. The worm bites you but does no damage.
The worm bites you!
You die...
Fedhas appreciates your contribution to the ecosystem.

######
#.♣w.#
##'##..#
##...##..#
##⌠...⌠##.#
#.......#.#
#.<.⌠.<.# .
#.......# #
##⌠)<)⌠##
##...##


You could see a worm.

Vanquished Creatures
  Jessica (D:2)
  3 adders (D:3)
  A worm (D:2)
  An orc (D:4)
  3 ball pythons
  4 bats
  7 giant cockroaches
  8 goblins
  8 hobgoblins
  5 giant newts
  2 kobolds
  2 quokkas
  6 rats
51 creatures vanquished.

Vanquished Creatures (collateral kills)
  An orc priest (D:3)
  An orc (D:3)
2 creatures vanquished.

Vanquished Creatures (others)
  20 toadstools
20 creatures vanquished.

Grand Total: 73 creatures vanquished

Notes
Turn   | Place    | Note
--------------------------------------------------------------
     0 | D:1      | Sirial the Demonspawn Wanderer began the quest for the Orb.
     0 | D:1      | Sirial set off with: a book of Conjurations, a scroll of teleportation, a potion of lignification, a +0 robe, a +0 club, a bread ration
     0 | D:1      | Reached XP level 1. HP: 13/13 MP: 4/4
    65 | D:1      | Learned a level 1 spell: Magic Dart
   275 | D:1      | Gained mutation: You are partially covered in rough black scales (AC +4, Dex -1). [demonic ancestry]
   275 | D:1      | Reached XP level 2. HP: 19/19 MP: 1/6
   770 | D:2      | Noticed Jessica
   793 | D:2      | Killed Jessica
   793 | D:2      | Gained mutation: A weak demonic guardian rushes to your aid. [demonic ancestry]
   793 | D:2      | Reached XP level 3. HP: 1/24 MP: 0/8
   814 | D:2      | Reached skill level 4 in Spellcasting
  1194 | D:2      | Found a blossoming altar of Fedhas.
  1201 | D:2      | Became a worshipper of Fedhas Madash
  1482 | D:3      | Reached XP level 4. HP: 23/30 MP: 2/10
  1494 | D:3      | Found a basalt altar of Yredelemnul.
  1557 | D:3      | Found a blossoming altar of Fedhas.
  1808 | D:3      | Found an iron altar of Okawaru.
  1810 | D:3      | Found a bloodstained altar of Trog.
  1812 | D:3      | Found a deep blue altar of Sif Muna.
  2323 | D:3      | HP: 1/30 [orc priest/divine providence (15)]
  2566 | D:4      | Acquired Fedhas's first power
  2716 | D:4      | Slain by a worm

Vault maps used:
D:1:      ncdulo_smallfort
D:2:      kennysheep_flooded_box, uniq_jessica
D:3:      grunt_temple_overflow_open, yredelemnul_altar_generic, first_bread,
          fedhas_altar_3
D:4:      grunt_ministairs_7

Action                   |  1- 3 |  4- 6 || total
-------------------------+-------+-------++-------
Melee: Club              |    19 |    10 ||    29
       Dagger            |       |    16 ||    16
Throw: Tomahawk          |     1 |     2 ||     3
 Cast: Magic Dart        |    85 |    38 ||   123
  Use: Scroll            |     3 |     3 ||     6
       Potion            |     3 |     3 ||     6
  Eat: Fruit             |     2 |       ||     2
       Bread ration      |       |     1 ||     1
       Pizza             |       |     1 ||     1
